 Dungeon Crawl Stone Soup version 0.29-a0-275-g389c0b56f3 (webtiles) character file.

Game seed: 14664681279451515201

44 Anunax the Cudgeller (level 3, -4/26 HPs)
             Began as an Octopode Monk on Mar 11, 2022.
             Slain by a gnoll
             ... wielding a +0 club
              (6 damage)
             ... on level 2 of the Dungeon.
             The game lasted 00:04:24 (1280 turns).

Anunax the Cudgeller (Octopode Monk)                Turns: 1280, Time: 00:04:25

Health: -4/26      AC:  5    Str: 10    XL:     3   Next: 62%
Magic:  3/3        EV: 14    Int: 12    God:
Gold:   51         SH:  0    Dex: 16    Spells: 2/2 levels left

rFire   . . .      SeeInvis .   f - staff of poison
rCold   . . .      Faith    .   (no shield)
rNeg    . . .      Spirit   .   (helmet restricted)
rPois   +          Reflect  .   (no amulet)
rElec   .          Harm     .   c - +4 ring of protection
rCorr   .          Rampage  .   (no ring)
Will    .....                   (no ring)
Stlth   +++.......              (no ring)
HPRegen 0.08/turn               (no ring)
MPRegen 0.08/turn               (no ring)
                                (no ring)
                                (no ring)

@: no status effects
A: almost no armour, amphibious, 8 rings, camouflage 1, gelatinous body 1,
(nimble swimmer 1), tentacles
a: no special abilities


You were on level 2 of the Dungeon.
You visited 1 branch of the dungeon, and saw 2 of its levels.

You collected 51 gold pieces.

Inventory:

Hand Weapons
 a - a +0 mace
Magical Staves
 f - a staff of poison (weapon)
Jewellery
 c - a +4 ring of protection (left tentacle)
Potions
 b - a potion of ambrosia
 d - a potion of brilliance {unknown}
 e - a potion of lignification {unknown}


   Skills:
 + Level 3.3 Fighting
 + Level 3.6 Maces & Flails
 + Level 3.4 Dodging
 + Level 3.2 Stealth


You had 2 spell levels left.
You didn't know any spells.
Your spell library was empty.

Dungeon Overview and Level Annotations

Branches:
Dungeon (2/15)

Altars:

Annotations:
D:2 Terence


Innate Abilities, Weirdness & Mutations

You cannot wear most types of armour.
You are amphibious.
You can wear up to eight rings at the same time.
Your skin changes colour to match your surroundings (Stealth+).
Your rubbery body absorbs attacks. (AC +1, EV +1)
((You are camouflaged when in or above water. (Stealth+)))
You have tentacles for arms and can constrict up to eight enemies at once.


Message History

There is an open gate here.
The bat misses you.
You closely miss the bat. Your grab misses the bat.
The bat is severely wounded.
The bat hits you but does no damage. The bat hits you but does no damage.
There is an open gate here.
The bat barely misses you. The bat barely misses you. x2
You hit the bat.
You kill the bat!
HP restored.
Found a pair of boots. 2 gnolls come into view.
Found a quarterstaff.
A gnoll comes into view. It is wielding a +0 whip.
The gnoll shouts!
Terence the Incautious comes into view.
He is wielding a +0 flail and wearing a +3 scale mail of willpower.
A gnoll comes into view. It is wielding a +0 spear.
The gnoll shouts!
Terence shouts!
The gnoll shouts!
The gnoll shouts!
You hit the gnoll but do no damage. You grab the gnoll.
You constrict the gnoll. The gnoll hits you with a +0 club.
The gnoll barely misses you. The gnoll hits you but does no damage.
The gnoll closely misses you.
You hit the gnoll. You squeeze the gnoll.
The gnoll is severely wounded.
You constrict the gnoll. The gnoll closely misses you.
The gnoll hits you from afar with a +0 spear.
You release your grip on the gnoll.
You hit the gnoll but do no damage. You grab the gnoll.
The gnoll is severely wounded.
You constrict the gnoll, but do no damage.
The gnoll hits you with a +0 club.
The gnoll hits you from afar with a +0 spear.
You release your grip on the gnoll.
The gnoll attacks as you move away! The gnoll hits you with a +0 club.
* * * LOW HITPOINT WARNING * * *
The gnoll attacks as you move away! The gnoll hits you with a +0 club.
You die...

#....@....♣[...... #....#
#....g..♣♣.♣ #....#
#########♣g♣#########....#
#.g.#.......)##'##
#...#........##.# #
#..@#........##.###
#.g.#........##....
#.g.#........######
#.@.#........######
#...#............##
#'''#............##
#...#............##
#.###............##
###.####..##.......##
#.........##.......#
.............###.......#
#####.######## #.......#


You could see Terence and 4 gnolls.

Vanquished Creatures
  A worm (D:2)
  2 dart slugs (D:1)
  2 bats
  3 endoplasms (D:1)
  A giant cockroach (D:2)
  A goblin (D:1)
  2 hobgoblins (D:1)
  6 jackals (D:1)
  2 kobolds (D:1)
  2 quokkas (D:1)
  6 ball pythons (D:1)
  4 frilled lizards (D:1)
  3 rats (D:1)
35 creatures vanquished.

Notes
Turn   | Place    | Note
-------+----------+-------------------------------------------
     0 | D:1      | Anunax the Octopode Monk began the quest for the Orb.
     0 | D:1      | Reached XP level 1. HP: 16/16 MP: 1/1
   117 | D:1      | Reached XP level 2. HP: 21/21 MP: 2/2
   359 | D:1      | Reached XP level 3. HP: 21/26 MP: 3/3
   468 | D:1      | Found a faded altar of an unknown god.
  1263 | D:2      | Noticed Terence
  1280 | D:2      | Slain by a gnoll

Illustrated notes

Levels and vault maps discovered:
D:1:      dpeg_arrival_boxes_within_box, layout_loops_ring,
          shapermc_ecumenical_altar_starsandcircs
D:2:      layout_basic, serial_park_tiny_pond, kennysheep_cross_bottleneck,
          hex_medium, uniq_terence

Skill      XL: |  1  2 |
---------------+-------+-----
Stealth        | 3 |  3.2
Fighting       | |  3.3
Maces & Flails | |  3.6
Dodging        | |  3.4

Action                   || total
-------------------------++-------
Melee: Mace              ||    66
       Constrict         ||    15
       Tentacles         ||    11
       Staff             ||    10
 Stab: Sleeping          ||     8
Armor: Skin              ||    18
Dodge: Dodged            ||    64

Table legend: (Time is in decaauts)
 A = Elapsed time spent in this place.
 B = Non-inter-level travel time spent in this place.
 C = Inter-level travel time spent in this place.
 D = Time resting spent in this place.
 E = Time spent auto-exploring this place.
 F = Levels seen in this place.
 G = Mean time per level.
                   A        B        C        D        E       F      G
               +--------+--------+--------+--------+--------+-----+--------+
         Total |   1294 |   1239 |     55 |      0 |    982 |   2 |  647.0 |
       Dungeon |   1294 |   1239 |     55 |      0 |    982 |   2 |  647.0 |
               +--------+--------+--------+--------+--------+-----+--------+

Top non-repeatable levels by time:
     D:1: 1051 daAuts
     D:2: 243 daAuts
